3AAA
BALBOA BUCCANEERS @ AUGUSTA TIMBER HAWKS
07/23/2018
 
TOP OF THE 1ST
Balboa Buccaneers batting - Pitching for Augusta Timber Hawks : RHP Jason Hubbell
Pitching: RHP Jason Hubbell
Batting: SHB Theodore Buck 0-0: Ball
1-0: Foul Ball, location: 2F
1-1: Ball
2-1: Swinging Strike
2-2: Fly out, F5 (Popup, 5F)
Batting: RHB César Garza 0-0: Ball
1-0: Called Strike
1-1: Ball
2-1: Ball
3-1: Swinging Strike
3-2: Foul Ball, location: 2F
3-2: Base on Balls
Batting: LHB Bellchyor Lebrim 0-0: Ball
1-0: Called Strike
1-1: Ball
2-1: Foul Ball, location: 2F
2-2: Ball
3-2: Base on Balls
César Garza to second
Batting: RHB Jeff Bass 0-0: Ball
1-0: Fly out, F9 (Flyball, 9LS)
Batting: RHB Jean Lemaire 0-0: Ball
1-0: Fly out, F3 (Popup, 3F)
Top of the 1st over - 0 run(s), 0 hit(s), 0 error(s), 2 left on base; Balboa 0 - Augusta 0
BOTTOM OF THE 1ST
Augusta Timber Hawks batting - Pitching for Balboa Buccaneers : RHP José Valenzuela
Pitching: RHP José Valenzuela
Batting: RHB Billy Strauss 0-0: Called Strike
0-1: SINGLE (Line Drive, 34)
Batting: SHB Lawrence Franklin 0-0: Fly out, F6 (Popup, 5D)
Batting: RHB Eddy Baxter 0-0: Called Strike
0-1: Ball
1-1: Ball
2-1: Grounds into double play, 6-4-3 (Groundball, 6M)
Bottom of the 1st over - 0 run(s), 1 hit(s), 0 error(s), 0 left on base; Balboa 0 - Augusta 0
TOP OF THE 2ND
Balboa Buccaneers batting - Pitching for Augusta Timber Hawks : RHP Jason Hubbell
Batting: RHB Leonard James 0-0: Ball
1-0: SINGLE (Line Drive, 8LS)
Batting: RHB Louie McNeil 0-0: Called Strike
0-1: Ball
1-1: Fly out, F3 (Popup, 34)
Batting: LHB Anthony Trigg 0-0: Ball
1-0: Fly out, F2 (Popup, 2L)
Batting: LHB Jafar Taha 0-0: Ball
1-0: Fly out, F9 (Flyball, 89M)
Top of the 2nd over - 0 run(s), 1 hit(s), 0 error(s), 1 left on base; Balboa 0 - Augusta 0
BOTTOM OF THE 2ND
Augusta Timber Hawks batting - Pitching for Balboa Buccaneers : RHP José Valenzuela
Batting: RHB Rob Young 0-0: Called Strike
0-1: Called Strike
0-2: Strikes out swinging
Batting: RHB Dave Bush 0-0: Ball
1-0: Swinging Strike
1-1: Swinging Strike
1-2: Strikes out swinging
Batting: SHB José Salazar 0-0: Foul Ball, location: 2F
0-1: Swinging Strike
0-2: Foul Ball, location: 2F
0-2: Strikes out swinging
Bottom of the 2nd over - 0 run(s), 0 hit(s), 0 error(s), 0 left on base; Balboa 0 - Augusta 0
TOP OF THE 3RD
Balboa Buccaneers batting - Pitching for Augusta Timber Hawks : RHP Jason Hubbell
Batting: SHB Theodore Buck 0-0: Called Strike
0-1: Foul Ball, location: 2F
0-2: Ball
1-2: Strikes out swinging
Batting: RHB César Garza 0-0: Called Strike
0-1: Ball
1-1: Foul Ball, location: 2F
1-2: Strikes out swinging
Batting: LHB Bellchyor Lebrim 0-0: Ball
1-0: Swinging Strike
1-1: SINGLE (Line Drive, 6D)
Batting: RHB Jeff Bass 0-0: Foul Ball, location: 2F
0-1: Foul Ball, location: 2F
0-2: SINGLE (Flyball, 8LS)
Bellchyor Lebrim to second
Batting: RHB Jean Lemaire 0-0: Ball
1-0: Fly out, F9 (Flyball, 89D)
Top of the 3rd over - 0 run(s), 2 hit(s), 0 error(s), 2 left on base; Balboa 0 - Augusta 0
BOTTOM OF THE 3RD
Augusta Timber Hawks batting - Pitching for Balboa Buccaneers : RHP José Valenzuela
Batting: SHB Tom Montgomery 0-0: Ground out 4-3 (Groundball, 4)
Batting: RHB Juan Banda 0-0: Ball
1-0: Ground out 6-3 (Groundball, 6)
Batting: LHB Jerry Burnett 0-0: Ball
1-0: Swinging Strike
1-1: Ground out 1-3 (Groundball, 23)
Bottom of the 3rd over - 0 run(s), 0 hit(s), 0 error(s), 0 left on base; Balboa 0 - Augusta 0
TOP OF THE 4TH
Balboa Buccaneers batting - Pitching for Augusta Timber Hawks : RHP Jason Hubbell
Batting: RHB Leonard James 0-0: Called Strike
0-1: Ball
1-1: Swinging Strike
1-2: Ball
2-2: Strikes out swinging passed ball, reaches first!
Batting: RHB Louie McNeil 0-0: Ball
1-0: Ball
2-0: Ball
3-0: Called Strike
3-1: Swinging Strike
3-2: Strikes out swinging
Leonard James steals 2nd base
Batter strikes out.
Batting: LHB Anthony Trigg 0-0: TRIPLE (Line Drive, 89S)
Leonard James scores
Batting: LHB Jafar Taha 0-0: Called Strike
0-1: Swinging Strike
0-2: Fly out, F7 (Popup, 78S)
Pitching: RHP Jorge Guerrero
Batting: SHB Theodore Buck 0-0: Ball
1-0: Ball
2-0: SINGLE (Line Drive, 89M)
Anthony Trigg scores
Batting: RHB César Garza 0-0: Called Strike
0-1: Swinging Strike
0-2: Ball
1-2: Ball
2-2: Ball
3-2: Foul Ball, location: 2F
3-2: Ground out 4-3 (Groundball, 4M)
Top of the 4th over - 2 run(s), 2 hit(s), 0 error(s), 1 left on base; Balboa 2 - Augusta 0
BOTTOM OF THE 4TH
Augusta Timber Hawks batting - Pitching for Balboa Buccaneers : RHP José Valenzuela
Batting: RHB Billy Strauss 0-0: Called Strike
0-1: Foul Ball, location: 2F
0-2: Strikes out swinging
Batting: SHB Lawrence Franklin 0-0: Called Strike
0-1: Ball
1-1: Foul Ball, location: 2F
1-2: Ball
2-2: Ball
3-2: Ground out 3-1 (Groundball, 3L)
Batting: RHB Eddy Baxter 0-0: Foul Ball, location: 2F
0-1: DOUBLE (Line Drive, 9LS)
Batting: RHB Rob Young 0-0: Foul Ball, location: 2F
0-1: SINGLE (Groundball, 56D)
Eddy Baxter to third
Runner from 3rd tries for Home, SAFE, throw made home
Rob Young to second
Batting: RHB Dave Bush 0-0: Ball
1-0: Ball
2-0: Called Strike
2-1: Fly out, F9 (Flyball, 89M)
Bottom of the 4th over - 1 run(s), 2 hit(s), 0 error(s), 1 left on base; Balboa 2 - Augusta 1
TOP OF THE 5TH
Balboa Buccaneers batting - Pitching for Augusta Timber Hawks : RHP Jorge Guerrero
Batting: LHB Bellchyor Lebrim 0-0: Ball
1-0: Swinging Strike
1-1: Foul Ball, location: 2F
1-2: Foul Ball, location: 2F
1-2: Ball
2-2: Strikes out swinging
Batting: RHB Jeff Bass 0-0: Foul Ball, location: 2F
0-1: Swinging Strike
0-2: Ball
1-2: Ball
2-2: Strikes out swinging
Batting: RHB Jean Lemaire 0-0: Ball
1-0: Ball
2-0: Foul Ball, location: 2F
2-1: Ball
3-1: Called Strike
3-2: Base on Balls
Batting: RHB Leonard James 0-0: Ball
1-0: 2-RUN HOME RUN (Flyball, 7D), Distance : 399 ft
Batting: RHB Louie McNeil 0-0: Foul Ball, location: 2F
0-1: Ball
1-1: Ball
2-1: Foul Ball, location: 2F
2-2: Foul Ball, location: 2F
2-2: Ball
3-2: Foul Ball, location: 2F
3-2: Strikes out swinging
Top of the 5th over - 2 run(s), 1 hit(s), 0 error(s), 0 left on base; Balboa 4 - Augusta 1
BOTTOM OF THE 5TH
Augusta Timber Hawks batting - Pitching for Balboa Buccaneers : RHP José Valenzuela
Batting: SHB José Salazar 0-0: Ball
1-0: Swinging Strike
1-1: Called Strike
1-2: Strikes out swinging
Batting: SHB Tom Montgomery 0-0: Ball
1-0: Fly out, F9 (Flyball, 9D)
Batting: RHB Juan Banda 0-0: Ground out 5-3 (Groundball, 56S)
Bottom of the 5th over - 0 run(s), 0 hit(s), 0 error(s), 0 left on base; Balboa 4 - Augusta 1
TOP OF THE 6TH
Balboa Buccaneers batting - Pitching for Augusta Timber Hawks : RHP Jorge Guerrero
Pitching: LHP Homer Shafer
Batting: LHB Anthony Trigg 0-0: Ball
1-0: Foul Ball, location: 2F
1-1: Foul Ball, location: 2F
1-2: Ball
2-2: Foul Ball, location: 2F
2-2: Strikes out swinging
Batting: LHB Jafar Taha 0-0: Called Strike
0-1: Ball
1-1: Swinging Strike
1-2: Strikes out swinging
Batting: SHB Theodore Buck 0-0: Foul Ball, location: 2F
0-1: Called Strike
0-2: Ball
1-2: Strikes out swinging
Top of the 6th over - 0 run(s), 0 hit(s), 0 error(s), 0 left on base; Balboa 4 - Augusta 1
BOTTOM OF THE 6TH
Augusta Timber Hawks batting - Pitching for Balboa Buccaneers : RHP José Valenzuela
Batting: LHB Jerry Burnett 0-0: Ball
1-0: Swinging Strike
1-1: Foul Ball, location: 2F
1-2: Ball
2-2: Ground out 4-3 (Groundball, 4)
Batting: RHB Billy Strauss 0-0: Fly out, F9 (Flyball, 9M)
Batting: SHB Lawrence Franklin 0-0: Called Strike
0-1: Ball
1-1: Ball
2-1: Ball
3-1: Swinging Strike
3-2: Fly out, F7 (Flyball, 78XD)
Bottom of the 6th over - 0 run(s), 0 hit(s), 0 error(s), 0 left on base; Balboa 4 - Augusta 1
TOP OF THE 7TH
Balboa Buccaneers batting - Pitching for Augusta Timber Hawks : LHP Homer Shafer
Batting: RHB César Garza 0-0: Ball
1-0: Swinging Strike
1-1: Ball
2-1: Foul Ball, location: 2F
2-2: Strikes out looking
Batting: LHB Bellchyor Lebrim 0-0: Ball
1-0: Swinging Strike
1-1: Ball
2-1: Foul Ball, location: 2F
2-2: Ball
3-2: Strikes out looking
Batting: RHB Jeff Bass 0-0: Ball
1-0: Ball
2-0: Ball
3-0: Base on Balls
Batting: RHB Jean Lemaire 0-0: Called Strike
0-1: Ball
1-1: Ball
2-1: Ball
3-1: Base on Balls
Jeff Bass to second
Batting: RHB Leonard James 0-0: Ball
1-0: Foul Ball, location: 2F
1-1: Ball
2-1: Ball
3-1: Base on Balls
Jeff Bass to third
Jean Lemaire to second
Pitching: RHP Bruce Nichols
Batting: RHB Louie McNeil 0-0: Called Strike
0-1: Ball
1-1: Foul Ball, location: 2F
1-2: Foul Ball, location: 2F
1-2: Strikes out looking
Top of the 7th over - 0 run(s), 0 hit(s), 0 error(s), 3 left on base; Balboa 4 - Augusta 1
BOTTOM OF THE 7TH
Augusta Timber Hawks batting - Pitching for Balboa Buccaneers : RHP José Valenzuela
Batting: RHB Eddy Baxter 0-0: Ball
1-0: Ball
2-0: Ball
3-0: Called Strike
3-1: Base on Balls
Batting: RHB Rob Young 0-0: Ball
1-0: Called Strike
1-1: Ball
2-1: SINGLE (Line Drive, 9LS)
Eddy Baxter to second
Batting: RHB Dave Bush 0-0: Ball
1-0: Grounds into double play, U6-3 (Groundball, 6)
Eddy Baxter to third
Batting: SHB José Salazar 0-0: Ball
1-0: SINGLE (Line Drive, 4M)
Eddy Baxter scores
Batting: SHB Tom Montgomery 0-0: Ball
1-0: Ground out U3 (Groundball, 3)
Bottom of the 7th over - 1 run(s), 2 hit(s), 0 error(s), 1 left on base; Balboa 4 - Augusta 2
TOP OF THE 8TH
Balboa Buccaneers batting - Pitching for Augusta Timber Hawks : RHP Bruce Nichols
Batting: LHB Anthony Trigg 0-0: Ball
1-0: Ball
2-0: Foul Ball, location: 2F
2-1: Foul Ball, location: 2F
2-2: Fly out, F7 (Flyball, 7S)
Batting: LHB Jafar Taha 0-0: Foul Ball, location: 2F
0-1: Ball
1-1: Ball
2-1: Ball
3-1: SINGLE (Groundball, 3D)
Batting: SHB Theodore Buck 0-0: Ball
1-0: Ball
2-0: Called Strike
2-1: Fly out, F6 (Popup, 6M)
Batting: RHB César Garza 0-0: Called Strike
0-1: Called Strike
Jafar Taha steals 2nd base
0-2: Fly out, F9 (Flyball, 89D)
Top of the 8th over - 0 run(s), 1 hit(s), 0 error(s), 1 left on base; Balboa 4 - Augusta 2
BOTTOM OF THE 8TH
Augusta Timber Hawks batting - Pitching for Balboa Buccaneers : RHP José Valenzuela
Batting: RHB Juan Banda 0-0: Swinging Strike
0-1: Called Strike
0-2: Foul Ball, location: 2F
0-2: Ground out 5-3 (Groundball, 5)
Batting: LHB Jerry Burnett 0-0: Ball
1-0: Ball
2-0: SOLO HOME RUN (Flyball, 89XD), Distance : 430 ft
Batting: RHB Billy Strauss 0-0: Ground out 6-3 (Groundball, 6)
Batting: SHB Lawrence Franklin 0-0: Foul Ball, location: 2F
0-1: Ground out 1-3 (Groundball, 13)
Bottom of the 8th over - 1 run(s), 1 hit(s), 0 error(s), 0 left on base; Balboa 4 - Augusta 3
TOP OF THE 9TH
Balboa Buccaneers batting - Pitching for Augusta Timber Hawks : RHP Bruce Nichols
Batting: LHB Bellchyor Lebrim 0-0: Ball
1-0: Ball
2-0: Foul Ball, location: 2F
2-1: Ball
3-1: DOUBLE (Line Drive, 9LS)
Batting: RHB Jeff Bass 0-0: Called Strike
0-1: Ball
1-1: Called Strike
1-2: Fly out, F7 (Line Drive, 78D)
Batting: RHB Jean Lemaire 0-0: Intentional Walk
Pinch Hitting: RHB Derek Schroeder 0-0: Ball
1-0: Ball
2-0: Called Strike
2-1: Foul Ball, location: 2F
2-2: Hit by Pitch
Bellchyor Lebrim to third
Jean Lemaire to second
Pinch Hitting: LHB Dudley Duncan 0-0: Ball
1-0: Foul Ball, location: 2F
1-1: Ball
2-1: Fly out, F8 (Flyball, 8LM)
Batting: LHB Anthony Trigg 0-0: Called Strike
Balk!
Bellchyor Lebrim scores
Jean Lemaire to third
Derek Schroeder to second
0-1: Fly out, F8 (Flyball, 8LM)
Top of the 9th over - 1 run(s), 1 hit(s), 0 error(s), 2 left on base; Balboa 5 - Augusta 3
BOTTOM OF THE 9TH
Augusta Timber Hawks batting - Pitching for Balboa Buccaneers : RHP José Valenzuela
Pitching: RHP Rubén Rodríguez
Now at C: Bill Manning
Now at SS: Jim Unknown
Batting: RHB Eddy Baxter 0-0: Ball
1-0: Fly out, F7 (Flyball, 78S)
Batting: RHB Rob Young 0-0: Swinging Strike
0-1: Foul Ball, location: 2F
0-2: Strikes out swinging
Batting: RHB Dave Bush 0-0: Foul Ball, location: 2F
0-1: Swinging Strike
0-2: Ball
1-2: Foul Ball, location: 2F
1-2: Foul Ball, location: 2F
1-2: Ball
2-2: Fly out, F7 (Flyball, 7M)
Bottom of the 9th over - 0 run(s), 0 hit(s), 0 error(s), 0 left on base; Balboa 5 - Augusta 3
This league is powered by Out of the Park Baseball, the baseball management simulation game for PC, Mac and Linux
Monday, May 4th, 2015 - OOTP Baseball 15.6 Build 34